[Event "FISU WUMSCC Men 2024"]
[Site "Entebbe"]
[Date "2024.06.28"]
[Round "6.1"]
[White "Szpar, Milosz"]
[Black "Turcan, Richard"]
[Result "1-0"]
[ECO "B56"]
[WhiteElo "2497"]
[BlackElo "2374"]
[Annotator "TA"]
[PlyCount "95"]
[EventDate "2024.06.24"]
[EventType "swiss"]
[EventCountry "UGA"]
[SourceTitle "playchess.com"]
[Source "ChessBase"]
[SourceQuality "1"]
[TimeControl "5400+30"]

1. e4 c5 2. Nf3 d6 3. d4 cxd4 4. Nxd4 Nf6 5. Nc3 Nc6 6. f3 e5 7. Nb3 Be7 8. Be3 O-O 9. Qd2 a5 10. Bb5 Be6 11. Rd1 Na7 12. Bd3 Nc6 13. O-O (13. a3 $1 $14) 13... a4 {[%emt 0:01:05] Black is slightly better.} 14. Nc1 Qa5 (14... Nb4 $5) 15. a3 Rfd8 (15... Rfb8 $14) 16. Qf2 $1 $16 Nd7 {[%emt 0:04:51] Dodges Bb6} 17. Nd5 Bxd5 (17... h6 $14) 18. exd5 Ncb8 19. f4 {[%emt 0:10:01][%cal Bf3f4,Bf4f5][%mdl 32] fxe5 would now be deadly.} Rf8 {[%emt 0:00:37] [#]} 20. Ne2 $1 Bd8 21. Ng3 {[%emt 0:09:08] White is more active.} g6 {[%emt 0:08:46] Prevents Nf5.} (21... Bh4 $16 {was worth a try.} 22. Qf3 Bxg3) 22. Ne4 $18 Qxd5 23. f5 {[%emt 0:00:25] Hoping for Kh1.} Qc6 24. c4 Na6 25. Bb1 Nac5 {[%emt 0:03:03] [#]} 26. Nxc5 (26. Nxd6 $6 Be7 $16) 26... dxc5 27. Bh6 Be7 28. Bxf8 Rxf8 29. Qf3 Qxf3 30. Rxf3 (30. gxf3 Nb6 $16) 30... Nb8 (30... Nb6 {keeps fighting.} 31. Be4 (31. f6 Bd8 $18) 31... Bg5) 31. Be4 b6 32. f6 Bd8 33. g4 h6 34. h4 Na6 35. Rd6 {[%emt 0:00:43] aiming for Rfd3.} Nc7 36. Rfd3 Ne6 {[%emt 0:00:22] [#]} 37. Rxe6 fxe6 {[%emt 0:00:06][%mdl 4096] Endgame. KRB-KRB} 38. g5 (38. Bxg6 Bxf6 39. Rd6 Bxh4 40. Rxe6 Rf4 $15) 38... hxg5 39. hxg5 ({Inferior is} 39. Bxg6 gxh4 (39... Bxf6 40. h5 $17) 40. Rd6 Bxf6 41. Rxe6 Kg7 $19) 39... b5 $2 (39... Bxf6 40. gxf6 g5) 40. cxb5 c4 41. Rd6 Bc7 42. Rxe6 {[%emt 0:01:19][%cal Ob5b6] White wants to mate with b6!} Rd8 43. Rc6 (43. Bxg6 $142 Kh8 44. b6 Bd6 45. b7 Bb8 46. Re7 Bd6 47. Rh7+ Kg8 48. Bf5 (48. f7+ Kf8 49. Rh8+ Ke7 50. Rxd8 Kxd8 51. b8=Q+ Bxb8 52. f8=Q+ Kd7 53. Qxb8 Kc6)) 43... Ba5 44. b6 {[%emt 0:00:20] White mates.} Rd1+ 45. Kg2 Rd2+ 46. Kf3 Rxb2 47. Bxg6 Rxb6 48. Rc8# {[%emt 0:00:05] Weighted Error Value: White=0.18 (very precise) /Black=0.58.  Mistake:       	White=1     	Black=5      Inaccurate:     	---       	Black=5      OK:         	White=16    	Black=9      Best:        	White=1     	Black=3      Strong:       	White=2     	---} 1-0

[Event "FISU WUMSCC Men 2024"]
[Site "Entebbe"]
[Date "2024.06.28"]
[Round "6.2"]
[White "Walter, Szymon"]
[Black "Gatineau, Yovann"]
[Result "1/2-1/2"]
[ECO "C11"]
[WhiteElo "2313"]
[BlackElo "2414"]
[Annotator "RC"]
[PlyCount "149"]
[EventDate "2024.06.24"]
[EventType "swiss"]
[EventCountry "UGA"]
[SourceTitle "playchess.com"]
[Source "ChessBase"]
[SourceQuality "1"]
[TimeControl "5400+30"]

1. e4 e6 2. d4 d5 3. Nc3 Nf6 4. e5 Nfd7 5. f4 c5 6. Nf3 Nc6 7. Be3 Be7 8. Qd2 O-O 9. dxc5 Qa5 10. a3 a6 11. h4 f6 12. exf6 Nxf6 13. Nd4 Bxc5 14. Be2 Bd7 15. O-O-O Nxd4 16. Bxd4 Rac8 17. g4 b5 18. Bxc5 Rxc5 19. Qd4 Rfc8 20. Bd3 Qd8 21. g5 Nh5 22. Rhe1 g6 23. Kb1 Qf8 24. Ne2 a5 25. Qe5 b4 26. axb4 axb4 27. Nd4 Re8 28. Rf1 Ra5 29. Rde1 Rea8 30. Kc1 Qf7 31. Kd2 Re8 32. Re3 Ra2 33. Nb3 Rf8 34. Nc5 Bc8 35. Qd4 Qg7 36. Re5 Ra7 37. Qxb4 Raf7 38. Nxe6 Bxe6 39. Rxe6 Nxf4 40. Rf6 Rxf6 41. gxf6 Qxf6 42. h5 Qg5 43. Kc3 Qe5+ 44. Kd2 Qxh5 45. Qe7 Qh6 46. Kd1 Nxd3 47. Qe6+ Kh8 48. Rxf8+ Qxf8 49. cxd3 Qf3+ 50. Kd2 Qf4+ 51. Kd1 Qd4 52. Kc2 Kg7 53. Qe7+ Kh6 54. b4 g5 55. Qc5 Qe5 56. Qf8+ Kh5 57. Qf7+ Kg4 58. b5 d4 59. Qd7+ Kf3 60. Qc6+ Kf2 61. b6 g4 62. b7 g3 63. Qb6 g2 64. b8=Q Qe2+ 65. Kb3 Qxd3+ 66. Ka4 Qc4+ 67. Ka3 Qc3+ 68. Ka4 Qc4+ 69. Ka3 Qc3+ 70. Ka4 Qa1+ 71. Kb5 Qb2+ 72. Kc6 Qxb6+ 73. Qxb6 g1=Q 74. Qxd4+ Kf1 75. Qd3+ 1/2-1/2

[Event "FISU WUMSCC Men 2024"]
[Site "Entebbe"]
[Date "2024.06.28"]
[Round "6.3"]
[White "Szustakowski, Antoni"]
[Black "Mladek, Richard"]
[Result "0-1"]
[ECO "A41"]
[WhiteElo "2362"]
[BlackElo "2385"]
[Annotator "RC"]
[PlyCount "88"]
[EventDate "2024.06.24"]
[EventType "swiss"]
[EventCountry "UGA"]
[SourceTitle "playchess.com"]
[Source "ChessBase"]
[SourceQuality "1"]
[TimeControl "5400+30"]

1. d4 d6 2. c4 e5 3. d5 g6 4. h4 h5 5. Nc3 a5 6. e4 Nd7 7. Bd3 Nc5 8. Bc2 Bh6 9. Bxh6 Nxh6 10. Nge2 g5 11. Qd2 gxh4 12. O-O-O Bd7 13. f3 Qf6 14. Nb5 Kd8 15. Rdf1 Rg8 16. Nec3 Rg3 17. Rh2 Ke7 18. Ne2 Rg7 19. f4 Rag8 20. Nec3 h3 21. gxh3 c6 22. dxc6 bxc6 23. Rd1 Qxf4 24. Qxf4 exf4 25. Nxd6 Rg1 26. Nf5+ Nxf5 27. exf5 Rxd1+ 28. Kxd1 Kf6 29. Rf2 Rg1+ 30. Kd2 Rh1 31. Rf3 Rh2+ 32. Ne2 Ke5 33. b3 Nb7 34. Bd3 Nd6 35. c5 Nxf5 36. Kc3 Ne3 37. a3 Nd5+ 38. Kd2 Bxh3 39. Ke1 Bg2 40. Rf2 f3 41. Ng3 h4 42. Nf1 Rh1 43. Kd2 Nf4 44. Ne3 Nh3 0-1

[Event "FISU WUMSCC Men 2024"]
[Site "Entebbe"]
[Date "2024.06.28"]
[Round "6.4"]
[White "Defromont, Benjamin"]
[Black "Thilakarathne, G M H"]
[Result "1-0"]
[ECO "B52"]
[WhiteElo "2380"]
[BlackElo "2356"]
[Annotator "RC"]
[PlyCount "75"]
[EventDate "2024.06.24"]
[EventType "swiss"]
[EventCountry "UGA"]
[SourceTitle "playchess.com"]
[Source "ChessBase"]
[SourceQuality "1"]
[TimeControl "5400+30"]

1. e4 c5 2. Nf3 d6 3. Bb5+ Bd7 4. Bxd7+ Nxd7 5. O-O Ngf6 6. Qe2 g6 7. c3 Bg7 8. d4 cxd4 9. cxd4 O-O 10. Nc3 Nb6 11. b3 Rc8 12. Bb2 Nh5 13. Qe3 Qd7 14. Rfe1 d5 15. e5 Rc6 16. a4 Na8 17. h3 Bh8 18. Ba3 Ng7 19. Rac1 Rfc8 20. Ne2 Ne6 21. Rxc6 Rxc6 22. Rc1 Rxc1+ 23. Qxc1 Bg7 24. Ne1 f5 25. Nd3 Kf7 26. Qc3 Qc7 27. Qb4 Bf8 28. Nef4 Nxf4 29. Nxf4 Qc6 30. Qa5 e6 31. Bc5 b6 32. Qxa7+ Kg8 33. Nxe6 bxc5 34. Nd8 Qc7 35. Qxa8 cxd4 36. Qxd5+ Kh8 37. Ne6 Qc1+ 38. Kh2 1-0

[Event "FISU WUMSCC Men 2024"]
[Site "Entebbe"]
[Date "2024.06.28"]
[Round "6.5"]
[White "Horak, Martin"]
[Black "Nyola Wasswa Mark"]
[Result "1/2-1/2"]
[ECO "C27"]
[WhiteElo "2333"]
[BlackElo "2067"]
[Annotator "RC"]
[PlyCount "69"]
[EventDate "2024.06.24"]
[EventType "swiss"]
[EventCountry "UGA"]
[SourceTitle "playchess.com"]
[Source "ChessBase"]
[SourceQuality "1"]
[TimeControl "5400+30"]

1. e4 e5 2. Nc3 Nf6 3. Bc4 Bc5 4. d3 c6 5. Nf3 O-O 6. Bb3 d6 7. Ne2 Be6 8. O-O Re8 9. Ng3 Nbd7 10. c3 d5 11. d4 dxe4 12. Bxe6 fxe6 13. Nxe5 Bd6 14. Bf4 Bxe5 15. Bxe5 Qa5 16. Bxf6 Nxf6 17. Re1 Qd5 18. Qc2 e5 19. Nxe4 Nxe4 20. Qxe4 Qxe4 21. Rxe4 exd4 22. Rxd4 Re2 23. Rb4 Rae8 24. Kf1 b6 25. Rd1 c5 26. Ra4 a5 27. b4 axb4 28. cxb4 c4 29. b5 Rc2 30. Ra7 c3 31. Re1 Rf8 32. f3 Rd8 33. Rc7 Rxa2 34. Rxc3 Rdd2 35. g4 1/2-1/2

[Event "FISU WUMSCC Men 2024"]
[Site "Entebbe"]
[Date "2024.06.28"]
[Round "6.6"]
[White "Jakab, Bela"]
[Black "Kato, Richard"]
[Result "1/2-1/2"]
[ECO "C14"]
[WhiteElo "2390"]
[BlackElo "1908"]
[Annotator "RC"]
[PlyCount "109"]
[EventDate "2024.06.24"]
[EventType "swiss"]
[EventCountry "UGA"]
[SourceTitle "playchess.com"]
[Source "ChessBase"]
[SourceQuality "1"]
[TimeControl "5400+30"]

1. e4 e6 2. d4 d5 3. Nc3 Nf6 4. e5 Nfd7 5. f4 c5 6. Nf3 a6 7. Be3 Nc6 8. Qd2 b5 9. a3 Qb6 10. dxc5 Bxc5 11. Bxc5 Qxc5 12. Bd3 h6 13. Ne2 Nb6 14. b4 Qe7 15. O-O g6 16. Qe3 Qa7 17. Nfd4 Nxd4 18. Nxd4 Bd7 19. Rf3 Na4 20. Kf1 Rc8 21. Nxb5 Qxe3 22. Nd6+ Kf8 23. Rxe3 Ra8 24. c4 dxc4 25. Bxc4 Nb6 26. Bb3 Ke7 27. Rd1 h5 28. h4 Rhb8 29. Rc3 Ra7 30. Rc5 Nc8 31. Ke2 Nxd6 32. exd6+ Kd8 33. Bc2 a5 34. bxa5 Rb5 35. Rxb5 Bxb5+ 36. Bd3 Bxd3+ 37. Rxd3 Kd7 38. Kd2 Rxa5 39. Kc2 e5 40. fxe5 Rxe5 41. Kb3 Re4 42. g3 f5 43. a4 f4 44. a5 fxg3 45. Rxg3 Kxd6 46. a6 Kc7 47. Rxg6 Rxh4 48. a7 Kb7 49. Ra6 Ka8 50. Ra5 Rg4 51. Kc3 Rg7 52. Rxh5 Kxa7 53. Kd4 Rc7 54. Rc5 Rxc5 55. Kxc5 1/2-1/2

[Event "FISU WUMSCC Men 2024"]
[Site "Entebbe"]
[Date "2024.06.28"]
[Round "6.7"]
[White "Alrehaili, Ahmed Abdullah S"]
[Black "Wagner, Gerald"]
[Result "1-0"]
[ECO "C96"]
[WhiteElo "2134"]
[BlackElo "1832"]
[Annotator "RC"]
[PlyCount "103"]
[EventDate "2024.06.24"]
[EventType "swiss"]
[EventCountry "UGA"]
[SourceTitle "playchess.com"]
[Source "ChessBase"]
[SourceQuality "1"]
[TimeControl "5400+30"]

1. e4 e5 2. Nf3 Nc6 3. Bc4 Nf6 4. d3 Be7 5. O-O d6 6. c3 O-O 7. Nbd2 Na5 8. Bb5 a6 9. Ba4 b5 10. Bc2 c5 11. Re1 Qc7 12. h3 Nc6 13. d4 cxd4 14. cxd4 Nb4 15. Bb1 a5 16. a3 Na6 17. Nf1 Be6 18. Be3 a4 19. Bd3 Bc4 20. Rc1 Rfc8 21. N1d2 exd4 22. Bxd4 Nc5 23. Bxc4 bxc4 24. Rxc4 Qb7 25. Qe2 Ne6 26. Bc3 d5 27. exd5 Nxd5 28. Qe4 Qb5 29. Be5 Nf6 30. Qc2 Rd8 31. Nd4 Nxd4 32. Bxd4 Nd5 33. Ne4 Nf4 34. Ng3 Ne6 35. Nf5 Bf8 36. Be3 Rd5 37. Nd4 Nxd4 38. Rxd4 Rxd4 39. Bxd4 h6 40. Bc3 Rc8 41. Re4 Ra8 42. Qd1 Qc6 43. Rg4 f6 44. Bxf6 h5 45. Rg3 Re8 46. Bc3 h4 47. Rg4 Qh6 48. Qd5+ Re6 49. Re4 Kf7 50. Qf5+ Rf6 51. Bxf6 gxf6 52. Qd5+ 1-0

[Event "FISU WUMSCC Men 2024"]
[Site "Entebbe"]
[Date "2024.06.28"]
[Round "6.8"]
[White "Mthembu, Lovers"]
[Black "Alfaitori, Abdallah"]
[Result "1-0"]
[ECO "C01"]
[WhiteElo "1876"]
[BlackElo "1947"]
[Annotator "RC"]
[PlyCount "65"]
[EventDate "2024.06.24"]
[EventType "swiss"]
[EventCountry "UGA"]
[SourceTitle "playchess.com"]
[Source "ChessBase"]
[SourceQuality "1"]
[TimeControl "5400+30"]

1. e4 e6 2. d4 d5 3. exd5 exd5 4. Bd3 Bd6 5. Nf3 Ne7 6. O-O O-O 7. Re1 Bf5 8. Nc3 c6 9. Bg5 Bg4 10. Bh4 h6 11. Bg3 Bxg3 12. hxg3 Nd7 13. Qd2 Bxf3 14. gxf3 Nf6 15. Kg2 Qd7 16. Ne2 Rfe8 17. Rh1 Ng6 18. Nf4 Nxf4+ 19. Qxf4 Nh7 20. Rh5 Qe6 21. Rah1 Nf8 22. Re5 Ng6 23. Bxg6 Qxg6 24. Rf5 Re7 25. Rh4 Rae8 26. Rg4 Qh7 27. Rf6 Kf8 28. Rd6 Qxc2 29. Rxg7 Kxg7 30. Qxh6+ Kg8 31. Qg5+ Kf8 32. Rh6 f5 33. Qf6+ 1-0

[Event "FISU WUMSCC Men 2024"]
[Site "Entebbe"]
[Date "2024.06.28"]
[Round "6.9"]
[White "Almuntasir, mohamed khalifah"]
[Black "Selepe, Lwazi"]
[Result "1-0"]
[ECO "B31"]
[WhiteElo "1724"]
[BlackElo "1913"]
[Annotator "RC"]
[PlyCount "63"]
[EventDate "2024.06.24"]
[EventType "swiss"]
[EventCountry "UGA"]
[SourceTitle "playchess.com"]
[Source "ChessBase"]
[SourceQuality "1"]
[TimeControl "5400+30"]

1. e4 c5 2. Nf3 Nc6 3. Bb5 g6 4. O-O Bg7 5. Re1 a6 6. Bf1 Nf6 7. d3 O-O 8. h3 d6 9. Be3 b5 10. a4 Bb7 11. Nbd2 Nd7 12. axb5 axb5 13. Rxa8 Qxa8 14. Qa1 Qxa1 15. Rxa1 Nb6 16. c3 Ra8 17. Rxa8+ Bxa8 18. d4 cxd4 19. cxd4 Na7 20. d5 Nbc8 21. Nd4 b4 22. f3 Bb7 23. N2b3 e6 24. Na5 Ba8 25. dxe6 fxe6 26. Nxe6 Bxb2 27. Nc7 Nc6 28. Nc4 Bc3 29. Nxa8 b3 30. Nd2 b2 31. Nb1 Bb4 32. Nc7 1-0

[Event "FISU WUMSCC Men 2024"]
[Site "Entebbe"]
[Date "2024.06.28"]
[Round "6.10"]
[White "Janik, Igor"]
[Black "Alshnaiber, Yazeed"]
[Result "1-0"]
[ECO "A11"]
[WhiteElo "2511"]
[BlackElo "1831"]
[Annotator "TA"]
[PlyCount "89"]
[EventDate "2024.06.24"]
[EventType "swiss"]
[EventCountry "UGA"]
[SourceTitle "playchess.com"]
[Source "ChessBase"]
[SourceQuality "1"]
[TimeControl "5400+30"]

1. Nf3 d5 2. g3 Nf6 3. Bg2 Bf5 4. c4 c6 5. Qb3 Qb6 6. d3 e6 7. Be3 c5 (7... Qxb3 $11 {remains equal.} 8. axb3 a6) 8. cxd5 (8. Nh4 $16) 8... exd5 $14 {[%emt 0:00:10] White is slightly better.} 9. O-O Nc6 10. Rc1 Be7 11. Bg5 O-O 12. Nc3 Qxb3 13. axb3 h6 14. Bf4 g5 15. Bd2 Kg7 16. Be1 Rfd8 17. h4 g4 $36 {[%emt 0:00:38][%mdl 2048] Black has the initiative.} 18. Nd2 Nd4 (18... Be6 $5) 19. Kf1 b6 20. Nd1 (20. Kg1 $15) 20... a5 $17 21. Ne3 Be6 22. Nc2 Nxc2 23. Rxc2 Rab8 24. Nb1 Nd7 25. Na3 Ne5 26. Bd2 Nc6 27. Nb5 Bf6 28. Bf4 $1 Be5 {[%emt 0:00:05] [#]} (28... Rbc8 $11 {keeps the balance.}) 29. Bxe5+ (29. Na7 $1 $16 Bxf4 30. Nxc6) 29... Nxe5 $11 30. d4 Nd7 31. Rc3 cxd4 32. Nxd4 Rbc8 33. Rac1 Nc5 34. f4 gxf3 35. Bxf3 Kf6 36. Kf2 Rg8 37. Rd1 Rcd8 38. Re3 Rg7 39. Bg2 Rgg8 (39... Rg4 $11 {deserves consideration.}) 40. Rf3+ Kg6 41. Rf4 Rge8 42. Bf3 Bc8 43. Nc6 Rd6 44. Bxd5 f5 {[%emt 0:01:16] [#]} (44... Be6 $14 45. Bxe6 Rdxe6) 45. Bf7+ $1 {[%emt 0:00:00][%mdl 512] Weighted Error Value: White=0.14 (very precise) /Black=0.21 (precise) .  Mistake:       	White=3     	Black=4      Inaccurate:     	White=5     	Black=6      OK:         	White=11    	Black=12     Best:        	White=2     	---        Strong:       	White=1     	---} 1-0

[Event "FISU WUMSCC Men 2024"]
[Site "Entebbe"]
[Date "2024.06.28"]
[Round "6.11"]
[White "Musasizi, Emmanuel"]
[Black "Alinda Collins"]
[Result "1/2-1/2"]
[ECO "A47"]
[WhiteElo "1966"]
[BlackElo "1845"]
[Annotator "RC"]
[PlyCount "162"]
[EventDate "2024.06.24"]
[EventType "swiss"]
[EventCountry "UGA"]
[SourceTitle "playchess.com"]
[Source "ChessBase"]
[SourceQuality "1"]
[TimeControl "5400+30"]

1. d4 Nf6 2. Nf3 e6 3. e3 b6 4. Be2 Bb7 5. O-O Be7 6. b3 d6 7. Bb2 Nbd7 8. Nbd2 O-O 9. c4 c5 10. Rc1 Rc8 11. Re1 Re8 12. Bd3 h6 13. Bb1 a6 14. Qe2 Qc7 15. h3 Bd8 16. e4 cxd4 17. Nxd4 Ne5 18. Nf1 Ng6 19. Ng3 Qe7 20. Ba3 Qc7 21. Qe3 Nd7 22. Nh5 Nf6 23. Ng3 Nd7 24. Rcd1 Bg5 25. Qe2 Nde5 26. Nh5 Rcd8 27. g3 Nc6 28. Nxc6 Qxc6 29. f4 Be7 30. Qg4 Kh7 31. Rd2 f5 32. Qf3 Bf6 33. Nxf6+ gxf6 34. Kh2 fxe4 35. Bxe4 d5 36. cxd5 exd5 37. Bxg6+ Kxg6 38. Qg4+ Kh7 39. Qf5+ Kg7 40. Qg4+ Kh7 41. Rde2 Rxe2+ 42. Qxe2 Rd7 43. Rc1 Qb5 44. Qxb5 axb5 45. Bb2 d4 46. Rd1 d3 47. Bxf6 b4 48. Rd2 Kg6 49. Be5 Kf5 50. Kg1 h5 51. Kf2 Ke4 52. Bb2 Rc7 53. Ke1 Bc8 54. Rh2 Kf3 55. Rf2+ Kxg3 56. f5 Re7+ 57. Kf1 Rf7 58. Be5+ Kxh3 59. f6 Kg4 60. Ke1 Kg5 61. Kd2 Bf5 62. Rg2+ Kh6 63. Rf2 Bg6 64. Bd6 Kh7 65. Be7 Kh6 66. Rf4 Kg5 67. Rf2 h4 68. Bxb4 h3 69. Bd6 Rd7 70. Be7 Bf7 71. Rf1 Kg4 72. Rg1+ Kf3 73. Rg7 h2 74. Rh7 Kg2 75. Rg7+ Kf1 76. Rh7 Kg2 77. Rg7+ Kf1 78. Rh7 Kg2 79. Rg7+ Kf1 80. Rh7 Kg2 81. Rg7+ Kf1 1/2-1/2